 Dungeon Crawl Stone Soup version 0.30.1-4-g462c640d31 (webtiles) character file.

Game seed: 2110252413708611353

18725 olmar the Earth Mage (level 12, -6/64 HPs)
             Began as a Gargoyle Earth Elementalist on Aug 16, 2023.
             Was an Initiate of Gozag.
             Mangled by a very large slime creature (54 damage)
             ... on level 12 of the Dungeon.
             The game lasted 00:20:43 (13301 turns).

olmar the Earth Mage (Gargoyle Earth Elementalist) Turns: 13301, Time: 00:20:44

Health: -6/64      AC: 16    Str: 12    XL:     12   Next: 61%
Magic:  16/29      EV: 16    Int: 17    God:    Gozag
Gold:   1506       SH:  5    Dex: 10    Spells: 26/38 levels left

rFire   + + .        R - staff of earth "Ynketas" {rF++ rCorr Int-4}
rCold   . . .        (no shield)
rNeg    + . .        E - +2 robe {Will+}
rPois   ∞            V - +0 helmet
rElec   +            e - +0 cloak
rCorr   +            y - +0 pair of gloves
SInv    +            M - +0 pair of boots
Will    +....        G - amulet "Rifol" {Reflect +Blink Regen+ SH+5}
Stlth   ++           j - +5 ring of evasion
HPRegen 1.10/turn    u - ring of see invisible
MPRegen 0.21/turn

%: reflection
@: no status effects
A: sickness immunity, AC +8, negative energy resistance 1, electricity
resistance, torment resistance 1, petrification resistance
a: Renounce Religion, Evoke Blink, Potion Petition, Call Merchant, Bribe Branch


You were on level 12 of the Dungeon.
You worshipped Gozag.
Gozag was most pleased with you.
You visited 2 branches of the dungeon, and saw 13 of its levels.
You also visited: Bailey.

You collected 2603 gold pieces.
You spent 105 gold pieces at shops.
You paid 992 gold pieces to Gozag.

Inventory:

Hand Weapons
 B - the +11 quarterstaff of Istain {freeze, rPois Will- rCorr Dex+3}
   (You found it on level 4 of the Dungeon)

   Dex:       It affects your dexterity (+3).
   rPois:     It protects you from poison.
   rCorr:     It protects you from acid and corrosion.
   Will:      It decreases your willpower.
Missiles
 t - 5 throwing nets
 N - 6 curare-tipped darts
Armour
 e - a +0 cloak (worn)
 l - a +1 ring mail of willpower
 y - a +0 pair of gloves (worn)
 E - a +2 robe of willpower (worn)
 M - a +0 pair of boots (worn)
 O - a +2 ring mail of positive energy
 V - a +0 helmet (worn)
Magical Staves
 R - the staff of earth "Ynketas" (weapon) {rF++ rCorr Int-4}
   (You acquired it on level 10 of the Dungeon)

   [staff of earth]

   Base accuracy: +5 Base damage: 5 Base attack delay: 1.2 This weapon's minimum
   attack delay (0.6) is reached at skill level 12.
   Int:       It affects your intelligence (-4).
   rF:        It greatly protects you from fire.
   rCorr:     It protects you from acid and corrosion.
   It falls into the 'Staves' category.
   It is a one-handed weapon.
Jewellery
 j - a +5 ring of evasion (left hand)
 m - a +4 ring of protection
 u - a ring of see invisible (right hand)
 G - the amulet "Rifol" (around neck) {Reflect +Blink Regen+ SH+5}
   (You acquired it on level 12 of the Dungeon)

   [amulet of reflection]

   It reflects blocked missile attacks.
   +Blink:    It lets you blink.
   Regen:     It increases your rate of health regeneration.
   SH:        It affects your SH (+5).
Wands
 v - a wand of roots (10)
 x - a wand of polymorph (10)
 H - a wand of mindburst (23)
 S - a wand of flame (26)
 T - a wand of paralysis (10)
Scrolls
 a - a scroll of amnesia
 d - 2 scrolls of noise
 g - 3 scrolls of teleportation
 h - 3 scrolls of enchant weapon
 w - 2 scrolls of poison
 C - 3 scrolls of fog
 F - a scroll of immolation {unknown}
 J - a scroll of fear
 K - a scroll of magic mapping
 L - a scroll of brand weapon
 P - a scroll of vulnerability {unknown}
Potions
 b - 3 potions of magic
 c - 6 potions of curing
 i - 2 potions of brilliance
 k - 4 potions of lignification
 n - a potion of mutation
 o - 4 potions of berserk rage
 p - 3 potions of flight
 q - 2 potions of haste
 A - 5 potions of resistance
 D - 2 potions of attraction
 I - 4 potions of might
 Q - 4 potions of ambrosia
 W - a potion of degeneration
Miscellaneous
 z - a lightning rod (4/4)


   Skills:
 + Level 3.1 Fighting
 - Level 1.5 Dodging
 - Level 2.1 Stealth
 + Level 13.7 Spellcasting
 + Level 1.8 Conjurations
 - Level 1.7 Translocations
 - Level 0.7 Transmutations
 + Level 16.1 Earth Magic


You had 26 spell levels left.
You knew the following spells:

 Your Spells              Type           Power      Damage    Failure   Level
a - Sandblast             Erth           100%       2d20      0%          1
b - Passwall              Tmut/Erth      47%        N/A       1%          2
c - Blink                 Tloc           34%        N/A       4%          2
d - Stone Arrow           Conj/Erth      100%       3d13      1%          3
e - Petrify               Tmut/Erth      57%        N/A       1%          4

Your spell library contained the following spells:

 Spells                   Type           Power      Damage    Failure   Level
 Apportation              Tloc           34%        N/A       2%          1
 Magic Dart               Conj           72%        1d6       2%          1
 Beastly Appendage        Tmut           28%        N/A       4%          1
 Lesser Beckoning         Tloc           34%        N/A       4%          2
 Momentum Strike          Conj/Tloc      34%        3d8       4%          2
 Searing Ray              Conj           36%        2d5       4%          2
 Wereblood                Tmut           14%        N/A       6%          2
 Spider Form              Tmut/Pois      12%        N/A       16%         3
 Fulminant Prism          Conj/Hex       7%         3d6       36%         4
 Alistair's Intoxication  Tmut/Pois      8%         N/A       80%         5


Dungeon Overview and Level Annotations

Branches:
Dungeon (12/15)            Temple (1/1) D:5            Lair (0/5) D:11
    Orc (0/2) D:9          Bailey (visited)

Altars:
Ashenzari
Fedhas
Gozag
Hepliaklqana
Kikubaaqudgha
Makhleb
Okawaru
Qazlal
Sif Muna
Trog
Uskayaw
Wu Jian
Xom
Yredelemnul
Zin
The Shining One

Shops:
D:1 (   D:12 !

Portals:
Trove: D:11 (give 7 potions of haste)

Annotations:
D:8 3 runed translucent doors, Zeor's ghost, novice DsGl


Innate Abilities, Weirdness & Mutations

You are immune to sickness and miasma.
Your stone body is resilient. (AC +8)
You are immune to poison.
You resist negative energy. (rN+)
You are resistant to electric shocks. (rElec)
You are resistant to unholy torment.
You are immune to petrification.


Message History

Confirm with . or Enter, or press ? or * to list all spells.
You don't know that spell.
Unknown command.
Two slime creatures merge to form a large slime creature.
Casting: Sandblast (safe; 0% risk of failure)
Confirm with . or Enter, or press ? or * to list all spells.
Okay, then.
Casting: Sandblast (safe; 0% risk of failure)
Confirm with . or Enter, or press ? or * to list all spells.
Aiming: Petrify (dangerous; 1% risk of failure)
Press: ? - help, Shift-Dir - straight line, f - large slime creature
Aim: a large slime creature (chance to affect: 58%)
You feel a surge of power!
The large slime creature is moving more slowly.
Unknown command.
You feel a surge of power!
The blast of sand hits the large slime creature.
The large slime creature is lightly wounded.
The large slime creature stops moving altogether!
Two slime creatures merge to form a very large slime creature.
You feel a surge of power!
The blast of sand hits the very large slime creature!!
The very large slime creature is lightly wounded.
You feel a surge of power!
The blast of sand hits the very large slime creature!!
The very large slime creature is lightly wounded.
You feel a surge of power!
The blast of sand hits the very large slime creature!!
The very large slime creature is moderately wounded.
You feel a surge of power!
The blast of sand hits the very large slime creature!!
The very large slime creature is moderately wounded.
The very large slime creature is no longer petrified.
You feel a surge of power!
The blast of sand hits the very large slime creature!!
The very large slime creature is moderately wounded.
The very large slime creature hits you!!!
Ouch! That really hurt!
You die...
Your body crumbles into a pile of gold.

... ..#.# #.....#.....#
#.### #########.#
#.....#.....# #...
......#.#.####.....#.....#
#..
......J.$$.......#.####'##
#.#
####...#.#####..#.####.##
#.# #...#.# ...#........
#.# #...#.# ##.#########
#.# #...#J# #.#........ #.#
#...#@# .#.####### #J#
######...#.# .#.# #.#
#........#.# #.# #.#
#.#####..#.# #.# #.# #.#
#..#.# #.# #.# #.# #..#.#
#.# #.#####.# #..#.# #.#
........# #..#.# #.#
#############..#.########.#


You could see a very large slime creature.

Vanquished Creatures
  Harold (D:10)
  2 vault guards (Bailey)
  Erolcha (D:9)
  A centaur warrior (D:12)
  3 two-headed ogres
  Pikel (D:5)
  A cyclops (D:11)
  Joseph (D:10)
  A gargoyle (D:11)
  A komodo dragon (D:11)
  Prince Ribbit (D:6)
  A queen bee (D:10)
  4 trolls
  Grinder (D:3)
  A blink frog (Bailey)
  2 slime creatures (D:12)
  2 water elementals (D:12)
  2 wraiths
  A shadow (D:12)
  17 yaks
  Grum (D:10)
  5 humans (Bailey)
  3 vampire mosquitoes (D:11)
  2 acid dragons
  A swamp drake (D:5)
  An ice beast (D:7)
  A black bear (D:11)
  Duvessa (D:7)
  5 orc warriors
  2 ogres
  3 wolves (D:10)
  5 centaurs
  A lemure (D:5)
  A phantom (D:6)
  Blork the orc (D:5)
  5 kobold brigands
  13 bullfrogs
  A gnoll sergeant (D:9)
  3 scorpions
  4 wights (D:6)
  Dowan (D:7)
  23 killer bees
  2 electric eels
  A howler monkey (D:9)
  A crimson imp (D:4)
  5 hounds
  A gnoll bouda (D:7)
  6 orc priests
  7 iguanas
  4 sleepcaps
  Crazy Yiuf (D:7)
  Natasha (twice) (D:2)
  11 orc wizards
  13 gnolls
  5 adders
  A shadow imp (D:8)
  A white imp (D:5)
  2 ufetubi
  A worm (D:5)
  2 dart slugs
  36 orcs
  5 bats
  8 endoplasms
  A giant cockroach (D:1)
  18 goblins
  8 hobgoblins
  4 jackals (D:2)
  5 quokkas
  10 ball pythons
  6 frilled lizards (D:1)
  A goblin skeleton (D:4)
  A goblin zombie (D:4)
  4 hobgoblin zombies (D:4)
  32 kobolds
  2 kobold zombies (D:4)
  An orc skeleton (D:4)
  An orc zombie (D:4)
  4 rats
341 creatures vanquished.

Notes
Turn   | Place    | Note
-------+----------+-------------------------------------------
     0 | D:1      | olmar the Gargoyle Earth Elementalist began the quest for
                  | the Orb.
     0 | D:1      | Reached XP level 1. HP: 10/10 MP: 3/3
   163 | D:1      | Reached skill level 4 in Earth Magic
   163 | D:1      | Reached XP level 2. HP: 15/15 MP: 3/5
   202 | D:1      | Found Miji's Weapon Emporium.
   530 | D:1      | Reached XP level 3. HP: 19/19 MP: 3/6
   952 | D:2      | Found a shimmering altar of Xom.
  1161 | D:2      | Noticed Natasha
  1164 | D:2      | Killed Natasha
  1165 | D:2      | Reached XP level 4. HP: 24/24 MP: 5/8
  1292 | D:2      | Noticed Natasha
  1299 | D:2      | Killed Natasha
  1300 | D:2      | Reached skill level 5 in Earth Magic
  1657 | D:2      | Reached XP level 5. HP: 28/28 MP: 7/10
  1958 | D:3      | Found a broken altar of Ashenzari.
  2045 | D:3      | Learned a level 2 spell: Passwall
  2048 | D:3      | Learned a level 2 spell: Blink
  2118 | D:3      | Found an iron altar of Okawaru.
  2123 | D:3      | Learned a level 3 spell: Stone Arrow
  2230 | D:3      | Noticed Grinder
  2232 | D:3      | Paralysed by Grinder for 2 turns
  2237 | D:3      | Paralysed by Grinder for 4 turns
  2243 | D:3      | Killed Grinder
  2244 | D:3      | Reached skill level 6 in Earth Magic
  2244 | D:3      | Reached XP level 6. HP: 32/32 MP: 6/13
  3135 | D:4      | Identified the +11 quarterstaff of Istain {freeze, rPois
                  | Will- rCorr Dex+3}
  3217 | D:4      | Found a glowing golden altar of the Shining One.
  3257 | D:4      | Reached skill level 5 in Spellcasting
  3257 | D:4      | Reached XP level 7. HP: 36/36 MP: 10/14
  3331 | D:4      | Reached skill level 7 in Earth Magic
  4316 | D:5      | Entered Level 5 of the Dungeon
  4397 | D:5      | Found a staircase to the Ecumenical Temple.
  4421 | Temple   | Entered the Ecumenical Temple
  4496 | Temple   | Became a worshipper of Gozag Ym Sagoz the Greedy
  4557 | D:5      | Noticed Sigmund
  4560 | D:5      | Sigmund changed into Sigmund the swamp drake
  4560 | D:5      | Noticed Sigmund
  4563 | D:5      | Killed Sigmund the swamp drake
  4706 | D:5      | Noticed Pikel
  4712 | D:5      | Killed Pikel
  4713 | D:5      | Reached skill level 8 in Earth Magic
  4713 | D:5      | Reached XP level 8. HP: 41/41 MP: 9/18
  4956 | D:5      | Reached skill level 9 in Earth Magic
  5044 | D:5      | Found a hide-covered altar of Uskayaw.
  5081 | D:5      | Noticed Blork the orc
  5095 | D:5      | Killed Blork the orc
  5232 | D:6      | Noticed Prince Ribbit
  5238 | D:6      | Killed Prince Ribbit
  5239 | D:6      | Reached XP level 9. HP: 41/46 MP: 17/20
  5301 | D:6      | Reached skill level 1 in Fighting
  5555 | D:6      | Reached skill level 10 in Earth Magic
  6213 | D:7      | Found a flagged portal.
  6261 | Bailey   | Entered a bailey
  6321 | Bailey   | Reached skill level 11 in Earth Magic
  6327 | Bailey   | Learned a level 4 spell: Petrify
  6421 | Bailey   | Reached XP level 10. HP: 45/52 MP: 12/23
  6510 | Bailey   | Noticed a vault guard
  6831 | Bailey   | Killed a vault guard
  6832 | Bailey   | Reached skill level 10 in Spellcasting
  6832 | Bailey   | Reached skill level 12 in Earth Magic
  6944 | Bailey   | Noticed a vault guard
  6985 | Bailey   | HP: 2/52 [vault guard/+0 broad axe (14)]
  7008 | Bailey   | Killed a vault guard
  7009 | Bailey   | Reached skill level 1 in Translocations
  7198 | D:7      | Found a runed translucent door.
  7199 | D:7      | Noticed Crazy Yiuf
  7203 | D:7      | Killed Crazy Yiuf
  7297 | D:7      | Noticed Duvessa
  7300 | D:7      | Killed Duvessa
  7300 | D:7      | Noticed Dowan
  7303 | D:7      | Killed Dowan
  7374 | D:7      | Noticed a two-headed ogre
  7382 | D:7      | Killed a two-headed ogre
  7595 | D:7      | Reached skill level 1 in Conjurations
  7600 | D:7      | Reached skill level 13 in Earth Magic
  8131 | D:8      | Reached XP level 11. HP: 45/57 MP: 22/26
  8228 | D:8      | Found a runed translucent gate.
  8228 | D:8      | Noticed a cyclops
  8229 | D:8      | Found a runed translucent gate.
  8230 | D:8      | Found a runed translucent gate.
  8230 | D:8      | Noticed Zeor's ghost (novice DsGl)
  8400 | D:8      | Found a basalt altar of Yredelemnul.
  9091 | D:9      | Found a staircase to the Orcish Mines.
 10209 | D:9      | Noticed Erolcha
 10215 | D:9      | Killed Erolcha
 10322 | D:10     | Entered Level 10 of the Dungeon
 10336 | D:10     | Noticed Grum
 10364 | D:10     | Killed Grum
 10365 | D:10     | Reached skill level 14 in Earth Magic
 10601 | D:10     | Noticed Harold
 10624 | D:10     | Killed Harold
 10986 | D:10     | Noticed Joseph
 10991 | D:10     | Killed Joseph
 11337 | D:10     | Identified 2 scrolls of acquirement
 11337 | D:10     | Acquired the staff of earth "Ynketas" {rF++ rCorr Int-4}
 11498 | D:11     | Reached skill level 15 in Earth Magic
 11569 | D:11     | Reached XP level 12. HP: 64/64 MP: 25/28
 11735 | D:11     | Noticed a two-headed ogre
 12239 | D:11     | Killed a two-headed ogre
 12268 | D:11     | Found a staircase to the Lair.
 12449 | D:11     | Found a portal to a secret trove of treasure.
 12540 | D:12     | Bought 2 potions of curing for 90 gold pieces
 12540 | D:12     | Bought a potion of degeneration for 15 gold pieces
 12543 | D:12     | Acquired the amulet "Rifol" {Reflect +Blink Regen+ SH+5}
 12579 | D:12     | Noticed a two-headed ogre
 12593 | D:12     | Killed a two-headed ogre
 13185 | D:12     | Noticed a centaur warrior
 13193 | D:12     | Killed a centaur warrior
 13194 | D:12     | Reached skill level 16 in Earth Magic
 13301 | D:12     | Mangled by a very large slime creature

Illustrated notes

Levels and vault maps discovered:
D:1:      dpeg_arrival_round_b, layout_basic, serial_shops,
          nicolae_shop_behind_doors, chequers_garden, minmay_lizard_pond
D:2:      layout_basic, basic_altar, minmay_goblin_kobold_house, uniq_natasha
D:3:      layout_loops_corners, okawaru_ov_weapons_minmay,
          amcnicky_altar_gilded, amethyst_killhole, minmay_tree_intersection,
          uniq_grinder
D:4:      layout_layer_cave, nicolae_tso_besieged_by_evil, corexii_corridor_pit
D:5:      layout_loops_ring, lemuel_round_altar, minmay_temple_entry_glass,
          uniq_pikel, uniq_blork_the_orc, uniq_sigmund
D:6:      layout_cave_pods, uniq_prince_ribbit1
D:7:      layout_basic, enter_bailey_5, uniq_duvessa, uniq_crazy_yiuf_cottage
D:8:      layout_cave_pods, overflow_temple_1_default, gammafunk_ghost_split
D:9:      layout_irregular_city, erik_orc_4, uniq_erolcha
D:10:     layout_rooms, special_room [special_room_bee], corexii_checkpoint_b,
          uniq_grum, uniq_joseph, uniq_harold
D:11:     argonaut_augean_stables, layout_rooms, grunt_lair_entry_orc_guard_hut,
          trove_entry_hex_spiral, nicolae_elevator_lobby_plus
D:12:     layout_basic, uniq_frances
Temple:   minmay_crystal_spiral_temple

Skill      XL: |  1  2  3  4  5  6  7  8  9 10 11 12 |
---------------+-------------------------------------+-----
Earth Magic    | 4 5 6 8 9 11 13 15 16 | 16.1
Spellcasting   | 3 4 5 6 7 9 11 12 13 | 13.7
Fighting       | 1 2 3 |  3.1
Translocations | 1 |  1.7
Conjurations   | 1 |  1.8
Dodging        | |  1.5
Stealth        | |  2.1
Transmutations | |  0.7

Action                     |  1- 3 |  4- 6 |  7- 9 | 10-12 || total
---------------------------+-------+-------+-------+-------++-------
  Melee: Unarmed           |     3 |       |       |       ||     3
         Mace              |       |     3 |       |       ||     3
         Quarterstaff      |       |    10 |    19 |    55 ||    84
         Staff             |       |       |       |    23 ||    23
  Throw: Throwing net      |       |       |       |     2 ||     2
   Cast: Sandblast         |    41 |    55 |   128 |   389 ||   613
         Blink             |       |       |       |     9 ||     9
         Petrify           |       |       |       |    17 ||    17
         Stone Arrow       |       |       |       |    25 ||    25
         Passwall          |       |       |       |     1 ||     1
 Invoke: Potion Petition   |       |       |       |     2 ||     2
         Call Merchant     |       |       |       |     1 ||     1
  Evoke: Wand              |       |       |     2 |    12 ||    14
         Lightning rod     |       |       |       |     2 ||     2
    Use: Scroll            |       |     3 |    10 |    16 ||    29
         Potion            |       |       |       |     5 ||     5
   Stab: Petrified         |       |       |       |    25 ||    25
         Petrifying        |       |       |       |     3 ||     3
 Armour: Robe              |     3 |     7 |    21 |   101 ||   132
         Skin              |       |     5 |       |       ||     5
  Dodge: Dodged            |    11 |    14 |    69 |   297 ||   391
  Block: Other             |       |       |       |     2 ||     2
         Reflection        |       |       |       |     1 ||     1
